AoeStats
← waLLefps.

Arabia

507464824Analyzed
1v1 RM · 13d ago on Sep 18, 2026· 44m 35s· 2 players
Game mode
Random Map
Map size
Tiny (2 player)
Population
200
Speed
Normal
Resources
Standard
Victory
Conquest
Starting age
Dark Age
Ending age
Imperial Age
RankedLock teamsTeams togetherTeam positionsShared explorationLock speedFull tech treeHidden civsTurbo modeCheats
Victory
Defeat
🇹🇷 Malay · Türkiye
1317
+16
🇩🇪 Portuguese · Germany
1322
-16
waLLefps.
5:03 Loom
11:30 Feudal Age
11:25 Double-Bit Axe
16:26 Horse Collar
16:49 Fletching
21:17 Castle Age
24:09 Wheelbarrow
23:35 Heavy Plow
24:40 Bodkin Arrow
28:09 Hand Cart
30:04 Stone Mining
30:51 Scale Barding Armor
34:23 Imperial Age
31:41 Town Watch
32:33 Gold Mining
34:03 Gold Shaft Mining
35:04 Forging
35:12 Squires
34:58 Arson
35:02 Elite Karambit Warrior
36:21 Iron Casting
36:35 Conscription
35:58 Elite Skirmisher
36:43 Thumb Ring
36:40 Padded Archer Armor
38:53 Blast Furnace
37:54 Bracer
42:35 Pikeman
PokerRanger
6:32 Loom
9:11 Feudal Age
9:49 Double-Bit Axe
13:27 Fletching
18:56 Castle Age
17:53 Fletching
19:35 Bodkin Arrow
19:17 Crossbowman
19:58 Horse Collar
24:55 Heavy Plow
29:47 Scale Barding Armor
34:58 Imperial Age
33:16 Forging
32:33 Light Cavalry
35:28 Chain Barding Armor
35:42 Bracer
35:34 Arbalester
37:23 Ballistics
38:05 Chemistry
37:40 Padded Archer Armor
42:12 Chain Barding Armor
42:04 Bloodlines
44:06 Plate Barding Armor
Connection lost

Rejoining the realm…

Still unreachable

The connection could not be restored.

Session expired

The server has moved on; the page needs a fresh start.